AoeStats
← 钓鱼佬

Arabia

505429755Analyzed
1v1 RM · 23d ago on Sep 9, 2026· 21m 20s· 2 players
Game mode
Random Map
Map size
Tiny (2 player)
Population
200
Speed
Normal
Resources
Standard
Victory
Conquest
Starting age
Dark Age
Ending age
Imperial Age
RankedLock teamsTeams togetherTeam positionsShared explorationLock speedFull tech treeHidden civsTurbo modeCheats
Victory
Defeat
🇨🇳 Sicilians · China
1540
+15
1519
-15
黑发惠黑化会发黑
0:28 Loom
8:51 Feudal Age
9:30 Double-Bit Axe
18:23 Wheelbarrow
21:06 Castle Age
18:53 Horse Collar
19:05 Gold Mining
21:26 Castle Age
21:06 Forging
20:57 Scale Mail Armor
21:04 Padded Archer Armor
20:55 Fletching
21:30 Town Watch
钓鱼佬
5:38 Loom
9:17 Feudal Age
9:51 Double-Bit Axe
9:48 Horse Collar
18:36 Forging
19:04 Bloodlines
19:36 Scale Barding Armor
Connection lost

Rejoining the realm…

Still unreachable

The connection could not be restored.

Session expired

The server has moved on; the page needs a fresh start.